AoeStats
← aawwd

Oasis

510011204Analyzed
2v2 RM · 4d ago on Sep 29, 2026· 50m 24s· 4 players
Game mode
Random Map
Map size
Medium (4 player)
Population
200
Speed
Normal
Resources
Standard
Victory
Conquest
Starting age
Dark Age
Ending age
Imperial Age
RankedLock teamsTeams togetherTeam positionsShared explorationLock speedFull tech treeHidden civsTurbo modeCheats
Victory
Defeat
🇨🇭 Bengalis · Switzerland
1690
+9
🇺🇸 Vikings · United States
1567
+14
🇫🇮 Bulgarians · Finland
1603
-14
🇺🇸 Romans · United States
1452
-9
[BÜN] Mr. Grüezi
9:45 Feudal Age
10:28 Double-Bit Axe
11:05 Loom
16:16 Fletching
22:52 Castle Age
23:51 Bow Saw
23:23 Horse Collar
23:33 Crossbowman
24:11 Bodkin Arrow
25:03 Wheelbarrow
24:44 Town Watch
27:30 Hand Cart
30:48 Gold Mining
30:48 Stone Mining
30:59 Heavy Plow
34:07 Imperial Age
31:55 Padded Archer Armor
32:55 Gold Shaft Mining
33:10 Caravan
34:32 Leather Archer Armor
35:12 Bloodlines
35:03 Husbandry
34:41 Elite Elephant Archer
35:58 Ballistics
36:39 Chemistry
36:05 Conscription
36:27 Masonry
36:19 Bracer
37:14 Mahayana
38:34 Ring Archer Armor
39:00 Paiks
38:55 Light Cavalry
40:17 Scale Barding Armor
40:22 Forging
40:36 Mahayana
41:32 Chain Barding Armor
44:05 Plate Barding Armor
44:06 Iron Casting
43:53 Town Patrol
48:13 Blast Furnace
48:49 Crop Rotation
optimal_brain_damage
6:30 Loom
9:17 Feudal Age
9:43 Double-Bit Axe
12:38 Horse Collar
19:16 Castle Age
17:35 Gold Mining
19:07 Forging
20:45 Iron Casting
21:16 Scale Barding Armor
21:59 Bow Saw
22:24 Town Watch
24:11 Heavy Plow
26:03 Stone Mining
26:48 Gold Shaft Mining
32:06 Imperial Age
30:47 Scale Mail Armor
31:42 Squires
31:27 Arson
31:58 Chain Mail Armor
32:28 Fletching
34:33 Plate Mail Armor
35:03 Blast Furnace
36:32 Blast Furnace
36:10 Elite Berserk
37:21 Bodkin Arrow
37:54 Conscription
37:23 Capped Ram
38:54 Siege Ram
41:15 Siege Engineers
41:33 Chieftains
42:56 Coinage
45:14 Onager
49:28 Coinage
49:31 Caravan
50:54 Chemistry
50:08 Bracer
50:08 Padded Archer Armor
50:27 Bogsveigar
mundobear
7:05 Loom
9:35 Feudal Age
10:54 Arson
12:05 Double-Bit Axe
12:11 Town Watch
17:49 Scale Mail Armor
21:21 Castle Age
20:35 Scale Barding Armor
20:38 Horse Collar
22:02 Wheelbarrow
22:24 Heavy Plow
28:31 Bow Saw
29:02 Hand Cart
33:28 Imperial Age
30:47 Gambesons
31:05 Squires
31:53 Forging
32:06 Pikeman
33:33 Chain Mail Armor
33:53 Iron Casting
33:29 Onager
33:31 Capped Ram
34:41 Conscription
34:58 Plate Mail Armor
35:01 Siege Ram
36:44 Blast Furnace
35:18 Siege Ram
35:25 Siege Ram
36:30 Fletching
37:01 Chain Barding Armor
36:53 Bloodlines
36:44 Husbandry
37:22 Halberdier
39:18 Bagains
41:11 Plate Barding Armor
39:58 Light Cavalry
41:14 Ballistics
41:54 Chemistry
41:05 Masonry
41:30 Hussar
42:07 Stirrups
43:32 Bodkin Arrow
44:15 Heavy Scorpion
45:37 Caravan
46:04 Bracer
46:41 Murder Holes
48:55 Town Patrol
aawwd
11:29 Feudal Age
9:44 Loom
17:19 Castle Age
16:56 Double-Bit Axe
16:53 Horse Collar
18:52 Wheelbarrow
23:30 Bow Saw
25:47 Heavy Plow
26:31 Man-at-Arms
32:11 Imperial Age
30:11 Long Swordsman
31:26 Scale Mail Armor
31:18 Fletching
31:42 Squires
33:16 Masonry
33:05 Stone Mining
33:06 Gold Mining
33:28 Forging
35:17 Conscription
35:30 Legionary
36:46 Iron Casting
38:45 Crop Rotation
39:00 Architecture
39:20 Fortified Wall
40:40 Chain Mail Armor
42:53 Bodkin Arrow
44:05 Heavy Scorpion
45:58 Blast Furnace
46:57 Ballistics
49:29 Husbandry
49:40 Scale Barding Armor
Connection lost

Rejoining the realm…

Still unreachable

The connection could not be restored.

Session expired

The server has moved on; the page needs a fresh start.